 Dungeon Crawl Stone Soup version 0.31-a0-986-g5e6e4ef867 (webtiles) character file.

Game seed: 27447538768309627

266 gelatine the Chopper (level 6, -2/47 HPs)
             Began as a Demonspawn Fighter on Nov 12, 2023.
             Killed by divine providence
             ... invoked by an orc priest
              (15 damage)
             ... on level 3 of the Dungeon.
             The game lasted 00:03:21 (1480 turns).

gelatine the Chopper (Demonspawn Fighter)           Turns: 1480, Time: 00:03:21

Health: -2/47      AC:  7    Str: 24    XL:     6   Next: 0%
Magic:  6/6        EV: 10    Int: 10    God:
Gold:   91         SH:  5    Dex: 18    Spells: 5/5 levels left

rFire   + . .        a - +0 war axe
rCold   . . .        c - +0 buckler
rNeg    . . .        b - +0 scale mail
rPois   .            (helmet restricted)
rElec   .            (no cloak)
rCorr   .            (no gloves)
SInv    .            (no boots)
Will    .....        (no amulet) Stlth
                     j - +6 ring of strength
HPRegen 0.27/turn    d - ring "Ynyxurghull" {rF+ Dex+6}
MPRegen 0.10/turn

%: no passive effects
@: no status effects
A: antennae 1, demonic magic 1
a: no special abilities


You were on level 3 of the Dungeon.
You visited 1 branch of the dungeon, and saw 3 of its levels.

You collected 91 gold pieces.

Inventory:

Hand Weapons
 a - a +0 war axe (weapon)
Armour
 b - a +0 scale mail (worn)
 c - a +0 buckler (worn)
Jewellery
 d - the ring "Ynyxurghull" (right hand) {rF+ Dex+6}
   (You found it on level 2 of the Dungeon)

   [ring of dexterity]

   Dex+6:     It affects your dexterity (+6).
   rF+:       It protects you from fire.
 j - a +6 ring of strength (left hand)
Scrolls
 e - a scroll of teleportation {unknown}
 f - a scroll of vulnerability {unknown}
 i - a scroll of noise {unknown}
 k - a scroll of identify {unknown}
Potions
 g - a potion of mutation {unknown}
 h - 3 potions of curing {unknown}
 l - 2 potions of brilliance {unknown}


   Skills:
 + Level 3.6 Fighting
 + Level 4.0 Axes
 + Level 3.7 Armour
 + Level 1.1 Dodging
 + Level 3.3 Shields


You had 5 spell levels left.
You didn't know any spells.
Your spell library was empty.

Dungeon Overview and Level Annotations

Branches:
Dungeon (3/15)

Altars:
Hepliaklqana


Innate Abilities, Weirdness & Mutations

You have a pair of small antennae on your head.
Spells you cast may paralyse adjacent enemies.


Message History

The endoplasm misses you.
You completely miss the endoplasm. The endoplasm closely misses you.
You slash the endoplasm!
You kill the endoplasm!
An orc comes into view. It is wielding a +0 whip.
The orc shouts!
An orc priest comes into view. It is wielding a +0 dagger.
An orc comes into view. It is wielding a +0 flail.
An orc comes into view. It is wielding a +0 flail.
The orc shouts!
The orc priest shouts!
The orc shouts!
You hear a shout!
The orc enters a dispersal trap!
The orc priest blinks!
The orc blinks! x2
The orc priest blinks! x2; You blink.
The orc moves out of view.
The orc priest shouts!
The orc priest mumbles some strange prayers to Beogh against you.
Beogh smites you! The orc hits you but does no damage.
You closely miss the orc. The orc hits you but does no damage.
The orc priest calls down the wrath of Beogh upon you.
Beogh smites you! You block the orc's attack.
You hit the orc.
The orc is moderately wounded.
You block the orc's attack.
You slash the orc!
You kill the orc!
You have reached level 6!
Your demonic ancestry asserts itself...
A pair of antennae grows on your head!
You slash the orc priest!
The orc priest is heavily wounded.
You block the orc priest's attack.
The orc priest calls down the wrath of Beogh upon you.
Beogh smites you!
* * * LOW HITPOINT WARNING * * *
Unknown command.
You closely miss the orc priest.
The orc priest is heavily wounded.
You block the orc priest's attack.
The orc priest invokes the aid of Beogh against you.
Beogh smites you!
You die...

..............#
.#####........# .#
###....#.# .# #..<.#.#
.# #####.#.#.# #
.##...###.#.#.# .###
....#.......).# ....#
.#....###.....####..^..#
.#...## ###.#...@ooo....
.#.# # #.######o....#
...# #.# ..... .### #.#
#### ## #.# #.# ## #.#
.# #.# .# #.#


You could see 2 orc priests and 2 orcs.

Vanquished Creatures
  Sigmund (D:2)
  Terence (D:2)
  4 adders
  A gnoll (D:1)
  A worm (D:2)
  A dart slug (D:2)
  An orc (D:3)
  3 endoplasms
  3 giant cockroaches
  2 hobgoblins
  4 jackals (D:2)
  2 quokkas (D:2)
  7 bats
  4 frilled lizards
  4 kobolds
  2 rats (D:1)
41 creatures vanquished.

Notes
Turn   | Place    | Note
-------+----------+-------------------------------------------
     0 | D:1      | gelatine the Demonspawn Fighter began the quest for the
                  | Orb.
     0 | D:1      | Reached XP level 1. HP: 18/18 MP: 1/1
   180 | D:1      | Gained mutation: Spells you cast may paralyse adjacent
                  | enemies. [demonic ancestry]
   180 | D:1      | Reached XP level 2. HP: 20/24 MP: 2/2
   354 | D:1      | Reached skill level 2 in Axes
   447 | D:1      | Found a faded altar of an unknown god.
   766 | D:2      | Reached XP level 3. HP: 25/29 MP: 3/3
  1009 | D:2      | Noticed Terence
  1022 | D:2      | Killed Terence
  1023 | D:2      | Reached XP level 4. HP: 16/35 MP: 4/4
  1129 | D:2      | Noticed Sigmund
  1139 | D:2      | Killed Sigmund
  1140 | D:2      | Reached skill level 3 in Axes
  1140 | D:2      | Reached XP level 5. HP: 20/41 MP: 5/5
  1143 | D:2      | Identified the ring "Ynyxurghull" {rF+ Dex+6}
  1225 | D:2      | Found a hazy altar of Hepliaklqana.
  1320 | D:2      | Reached skill level 1 in Dodging
  1399 | D:3      | Reached skill level 4 in Axes
  1479 | D:3      | Gained mutation: You have a pair of small antennae on your
                  | head. [demonic ancestry]
  1479 | D:3      | Reached XP level 6. HP: 26/47 MP: 6/6
  1480 | D:3      | Killed from afar by an orc priest

Illustrated notes

Levels and vault maps discovered:
D:1:      dpeg_arrival_castle, layout_loops_ring,
          shapermc_ecumenical_altar_mp_highgroup, st_stairs_1,
          minmay_misc_feat_encased
D:2:      layout_rooms, serial_curves, eino_curves_03, eino_curves_03,
          basic_altar, uniq_sigmund, uniq_terence
D:3:      layout_loops_ring, uniq_ijyb

Skill      XL: |  1  2  3  4  5 |
---------------+----------------+-----
Shields        | 3 |  3.3
Axes           | 2 3 4 |  4.0
Armour         | 3 |  3.7
Dodging        | 1 |  1.1
Fighting       | |  3.6

Action                     |  1- 3 |  4- 6 || total
---------------------------+-------+-------++-------
  Melee: War axe           |   100 |    33 ||   133
    Use: Potion            |       |     1 ||     1
 Armour: Scale mail        |   113 |    22 ||   135
  Dodge: Dodged            |    74 |    12 ||    86
  Block: Buckler           |    39 |    11 ||    50

Table legend: (Time is in decaauts)
 A = Elapsed time spent in this place.
 B = Non-inter-level travel time spent in this place.
 C = Inter-level travel time spent in this place.
 D = Time resting spent in this place.
 E = Time spent auto-exploring this place.
 F = Levels seen in this place.
 G = Mean time per level.
                   A        B        C        D        E       F      G
               +--------+--------+--------+--------+--------+-----+--------+
         Total |   1538 |   1489 |     49 |      0 |   1123 |   3 |  512.7 |
       Dungeon |   1538 |   1489 |     49 |      0 |   1123 |   3 |  512.7 |
               +--------+--------+--------+--------+--------+-----+--------+

Top non-repeatable levels by time:
     D:1: 782 daAuts
     D:2: 630 daAuts
     D:3: 125 daAuts
